 Dungeon Crawl Stone Soup version 0.31-a0-175-g9f7f995f2b (webtiles) character file.

Game seed: 11708270464074158746

120 qw the Shooter (level 5, 0/49 HPs)
             Began as a Naga Hunter on June 17, 2023.
             Slain by an orc priest
             ... wielding a +0 club
              (6 damage)
             ... on level 3 of the Dungeon.
             The game lasted 00:00:46 (2723 turns).

qw the Shooter (Naga Hunter)                        Turns: 2723, Time: 00:00:46

Health: 0/49       AC:  3    Str: 13    XL:     5   Next: 4%
Magic:  5/5        EV:  9    Int:  9    God:
Gold:   178        SH:  0    Dex: 17    Spells: 4/4 levels left

rFire   . . .        Y - +2 shortbow
rCold   . . .        (shield currently unavailable)
rNeg    . . .        c - +0 leather armour
rPois   +            (no helmet)
rElec   .            (no cloak)
rCorr   .            (no gloves)
SInv    +            (no barding)
Will    .....        g - amulet of faith
Stlth   ++           (no ring)
HPRegen 0.28/turn    (no ring)
MPRegen 0.09/turn

%: faith
@: short of breath, very slow
A: AC +1, large, see invisible, deformed body, poison resistance, slowness 2,
spit poison 1, naga tail 1
a: Spit Poison


You were on level 3 of the Dungeon.
You visited 1 branch of the dungeon, and saw 3 of its levels.

You collected 178 gold pieces.


Innate Abilities, Weirdness & Mutations

Your serpentine skin is tough. (AC +1)
You have supernaturally acute eyesight. (SInv)
Armour fits poorly on your strangely shaped body.
Your system is resistant to poisons. (rPois)
You cover ground very slowly.
You can spit poison.
You have a snake-like lower body.


   Skills:
 - Level 3.3 Fighting
 + Level 5.0 Ranged Weapons
 - Level 1.5 Dodging
 - Level 1.5 Stealth


You had 4 spell levels left.
You didn't know any spells.
Your spell library was empty.

Inventory:

Hand Weapons
 Y - a +2 shortbow (weapon)
Armour
 b - the +1 leather armour "Saffulotu" {Int+5}
   (You found it on level 3 of the Dungeon)

   Int:       It affects your intelligence (+5).
 c - a +0 leather armour (worn)
Jewellery
 g - an amulet of faith (around neck)
 j - a ring of positive energy
Scrolls
 f - a scroll of identify
 i - a scroll of noise {unknown}
 k - a scroll of teleportation {unknown}
 l - a scroll of blinking {unknown}
Potions
 a - a potion of berserk rage {unknown}
 d - a potion of degeneration {unknown}
 e - a potion of haste
 h - a potion of lignification {unknown}

Dungeon Overview and Level Annotations

Branches:
Dungeon (3/15)

Altars:
Cheibriados
Makhleb
Qazlal


Message History

The orc priest is lightly wounded.
The orc priest calls upon Beogh to heal the orc priest.
The orc priest's wounds heal themselves!
You shoot an arrow. The arrow hits the orc priest.
The orc priest is lightly wounded.
You have got your breath back.
2717 ||| INVOKING Spit Poison.
Aiming: Spit Poison (1% risk of failure)
Press: ? - help, Shift-Dir - straight line, f - orc, p - orc priest The splash of poison hits the orc.
The orc is poisoned.
The orc is heavily wounded.
The orc barely misses you.
You shoot an arrow. The arrow closely misses the orc.
The arrow hits the orc priest.
The orc priest is moderately wounded.
The orc priest calls down the wrath of Beogh upon you.
Beogh smites you! The orc hits you with a +0 mace.
The orc priest mumbles some strange prayers to Beogh against you.
Beogh smites you!
You shoot an arrow. The arrow hits the orc.
You kill the orc!
You shoot an arrow.
The arrow closely misses the orc priest.
The orc priest invokes the aid of Beogh against you.
You struggle to resist.
You shoot an arrow. The arrow hits the orc priest!
The orc priest is almost dead.
The orc priest calls down the wrath of Beogh upon you.
Beogh smites you!
The orc priest mumbles some strange prayers to Beogh against you.
Pain shoots through your body!
You shoot an arrow. The arrow barely misses the orc priest.
You have got your breath back.
The orc priest hits you with a +0 club. x2
2723 ||| INVOKING Spit Poison.
Aiming: Spit Poison (1% risk of failure)
Press: ? - help, Shift-Dir - straight line, f/p - orc priest The splash of poison misses the orc priest.
The orc priest hits you with a +0 club.
You die...

##+###.................#......#
#.# #..#...............).....#
##.###.................#......#
.......(...............########
.......................#
..<.......#####........#
.........##$..##.......#
..>......#.8$8.#o......#
#........#_.$).o@......#
......[..#.8$8.#......<#
#.....[..##$.. #.......#
#.........#####........#
...........#..##########
...............##
#..........###..#
##..#.#.##..###.###
#......###.###...#


You could see 2 orc priests.

Vanquished Creatures
  An iguana (D:3)
  3 adders
  A dart slug (D:1)
  2 orcs (D:3)
  4 ball pythons
  8 bats
  2 endoplasms (D:1)
  A giant cockroach (D:1)
  6 goblins
  6 hobgoblins
  2 jackals (D:3)
  7 quokkas
  2 frilled lizards
  7 kobolds
  5 rats (D:1)
57 creatures vanquished.

Notes
Turn   | Place    | Note
-------+----------+-------------------------------------------
     0 | D:1      | qw the Naga Hunter began the quest for the Orb.
     0 | D:1      | Reached XP level 1. HP: 19/19 MP: 1/1
     0 | D:1      | 0 ||| qw: Version: 0.3-a-2-g5ab2908
     0 | D:1      | 0 ||| qw: Game counter: 371
     0 | D:1      | 0 ||| qw: Always use a shield: true
     0 | D:1      | 0 ||| qw: God list: Okawaru
     0 | D:1      | 0 ||| qw: Allow faded altars: false
     0 | D:1      | 0 ||| qw: Do Orc after D:15 true
     0 | D:1      | 0 ||| qw: Do second Lair branch before Depths: true
     0 | D:1      | 0 ||| qw: Lair rune preference: random
     0 | D:1      | 0 ||| qw: Plans: Normal
     0 | D:1      | 0 ||| PLANNING D:1-11
     7 | D:1      | 7 ||| INVOKING Spit Poison.
    20 | D:1      | 20 ||| INVOKING Spit Poison.
    32 | D:1      | 32 ||| INVOKING Spit Poison.
    90 | D:1      | 90 ||| INVOKING Spit Poison.
    91 | D:1      | Reached skill level 4 in Ranged Weapons
    91 | D:1      | Reached XP level 2. HP: 26/26 MP: 2/2
   135 | D:1      | 135 ||| INVOKING Spit Poison.
   136 | D:1      | 136 ||| INVOKING Spit Poison.
   149 | D:1      | 149 ||| INVOKING Spit Poison.
   182 | D:1      | 182 ||| INVOKING Spit Poison.
   395 | D:1      | 395 ||| INVOKING Spit Poison.
   406 | D:1      | Found a faded altar of an unknown god.
   425 | D:1      | 425 ||| INVOKING Spit Poison.
   435 | D:1      | 435 ||| INVOKING Spit Poison.
   449 | D:1      | 449 ||| Stepping ~*~*~tactically~*~*~ (outnumbered).
   451 | D:1      | 451 ||| Stepping ~*~*~tactically~*~*~ (outnumbered).
   453 | D:1      | 453 ||| INVOKING Spit Poison.
   457 | D:1      | 457 ||| INVOKING Spit Poison.
   568 | D:1      | 568 ||| INVOKING Spit Poison.
   569 | D:1      | Reached XP level 3. HP: 32/32 MP: 3/3
   572 | D:1      | 572 ||| INVOKING Spit Poison.
   578 | D:1      | 578 ||| INVOKING Spit Poison.
   584 | D:1      | 584 ||| INVOKING Spit Poison.
   664 | D:1      | 664 ||| INVOKING Spit Poison.
   668 | D:1      | 668 ||| INVOKING Spit Poison.
   733 | D:1      | 733 ||| INVOKING Spit Poison.
   892 | D:1      | 892 ||| READING 2 scrolls labelled HACLOU NYCONAN.
   951 | D:1      | 951 ||| READING scroll labelled WOOW XAFFUZXUR.
   952 | D:1      | 952 ||| READING scroll labelled PESKAKHL NOIGRA.
   953 | D:1      | 953 ||| DROPPING scroll of torment.
   954 | D:1      | 954 ||| DROPPING scroll of butterflies.
  1075 | D:2      | 1075 ||| INVOKING Spit Poison.
  1084 | D:2      | 1084 ||| INVOKING Spit Poison.
  1097 | D:2      | 1097 ||| INVOKING Spit Poison.
  1110 | D:2      | 1110 ||| INVOKING Spit Poison.
  1117 | D:2      | 1117 ||| INVOKING Spit Poison.
  1345 | D:2      | 1345 ||| INVOKING Spit Poison.
  1413 | D:2      | 1413 ||| INVOKING Spit Poison.
  1414 | D:2      | 1414 ||| INVOKING Spit Poison.
  1591 | D:2      | 1591 ||| INVOKING Spit Poison.
  1592 | D:2      | 1592 ||| INVOKING Spit Poison.
  1595 | D:2      | 1595 ||| INVOKING Spit Poison.
  1648 | D:2      | 1648 ||| INVOKING Spit Poison.
  1683 | D:2      | 1683 ||| INVOKING Spit Poison.
  1686 | D:2      | 1686 ||| INVOKING Spit Poison.
  1903 | D:2      | 1903 ||| INVOKING Spit Poison.
  1906 | D:2      | 1906 ||| INVOKING Spit Poison.
  1950 | D:2      | Reached skill level 5 in Ranged Weapons
  1950 | D:2      | Reached XP level 4. HP: 39/39 MP: 4/4
  2064 | D:2      | 2064 ||| INVOKING Spit Poison.
  2153 | D:2      | 2153 ||| INVOKING Spit Poison.
  2158 | D:2      | 2158 ||| INVOKING Spit Poison.
  2211 | D:2      | 2211 ||| UPGRADING to amulet of faith.
  2216 | D:2      | 2216 ||| READING scroll labelled QEMATRI JEMYPE.
  2217 | D:2      | 2217 ||| READING scroll labelled LIYLOE NETOER.
  2218 | D:2      | 2218 ||| READING 2 scrolls labelled ATZIETS HABBA.
  2219 | D:2      | 2219 ||| READING scroll of enchant weapon.
  2219 | D:2      | 2219 ||| ENCHANTING +1 shortbow.
  2220 | D:2      | 2220 ||| READING scroll labelled VAUB ZELEAN.
  2221 | D:2      | 2221 ||| READING 2 scrolls of identify.
  2221 | D:2      | 2221 ||| IDENTIFYING sedimented amethyst potion
  2294 | D:3      | 2294 ||| INVOKING Spit Poison.
  2314 | D:3      | 2314 ||| INVOKING Spit Poison.
  2320 | D:3      | 2320 ||| INVOKING Spit Poison.
  2351 | D:3      | Identified the +1 leather armour "Saffulotu" {Int+5}
  2390 | D:3      | 2390 ||| INVOKING Spit Poison.
  2464 | D:3      | 2464 ||| INVOKING Spit Poison.
  2477 | D:3      | Found a stormy altar of Qazlal.
  2505 | D:3      | 2505 ||| INVOKING Spit Poison.
  2535 | D:3      | Found a snail-covered altar of Cheibriados.
  2577 | D:3      | Found a burning altar of Makhleb.
  2646 | D:3      | 2646 ||| INVOKING Spit Poison.
  2648 | D:3      | Reached skill level 3 in Fighting
  2648 | D:3      | Reached XP level 5. HP: 49/49 MP: 5/5
  2714 | D:3      | 2714 ||| INVOKING Spit Poison.
  2717 | D:3      | 2717 ||| INVOKING Spit Poison.
  2721 | D:3      | HP: 10/49 [orc priest/nerve-wracking pain (8)]
  2723 | D:3      | 2723 ||| INVOKING Spit Poison.
  2723 | D:3      | Slain by an orc priest

Levels and vault maps discovered:
D:1:      dpeg_arrival_subterranean_lakeside_camping, layout_basic,
          basic_ecumenical_altar, nicolae_eternal_life, corexii_hall_statues_i
D:2:      minmay_chambers_of_ones, layout_basic
D:3:      layout_rooms, nicolae_qazlal_general_emergency, lemuel_doored_altar,
          mainiacjoe_overflow_paths, kennysheep_orc_chapel

Skill      XL: |  1  2  3  4 |
---------------+-------------+-----
Ranged Weapons | 4 5 |  5.0
Fighting       | 3 |  3.3
Dodging        | |  1.5
Stealth        | |  1.5

Action                     |  1- 3 |  4- 6 || total
---------------------------+-------+-------++-------
   Fire: Shortbow          |    54 |    39 ||    93
Ability: Spit Poison       |    33 |    13 ||    46
    Use: Scroll            |     3 |     6 ||     9
 Armour: Leather armour    |     5 |     3 ||     8
  Dodge: Dodged            |     8 |     6 ||    14

Table legend:
 A = Non-vault XP
 B = Vault XP
 C = Vault XP percentage of total XP
 D = Non-vault monster count
 E = Vault monster count
 F = Vault count percentage of total count
                 A         B        C        D         E       F
            +---------+---------+-------+---------+---------+-------
      Total |     147 |      25 |  14.5 |      44 |      13 |  22.8
            +---------+---------+-------+---------+---------+-------
        D:1 |      36 |      10 |  21.7 |      20 |       6 |  23.1
        D:2 |      42 |       9 |  17.6 |      11 |       5 |  31.2
        D:3 |      69 |       6 |   8.0 |      13 |       2 |  13.3
            +---------+---------+-------+---------+---------+-------
